Unix NetHack Version 5.0.0-0 post-release - last build May 10 2026 23:12:36 (d1fa5d53e341ca933230fdaa984d921c805b60aa,branch:main).

Game began 2026-05-15 13:05:58, ended 2026-05-15 13:36:33.

DaveT, lawful male human Priest

            ------                             ---
   ----    --.--.----  ----                   --..               ------------
  --..|    |........----..|                   |...-----          |......--..--
  |...---  |..............|                ---|....|..--         |...........|
  |..^..|  |..|..........--             ----.---.......|          -....*....-
  |-....|---.---..|....-------          |.....|----...--          |.........--
  |.`..--..).| --.|---.......-----      |..%..-- --..--           --..*......--
  |.......#---  |.|  -------..^..--     |.|>^..---..-|      ---    --......(..|
  |.....---     |.|        --#--..----- |.|--........|  -----.--    --.......--
 --.....|       |.|         ## --..-|.--|*| |.......-- --......|     -----..-|
 |..|..--       |.|         ####-...|..|-.| ---.....|  |.......--  ----  |...--
 #.--..--       |.-------     |........|..|   ----.--  |........----d@---|....|
 |.|....--      |...||..|     --.........-----------   |.........--.ddf.--....|
 |.|-....|      |...-|..|      --................--  ------..........d.......--
 |.|---.--      |....|.--       |-.........----...----.-----.--.............-|
 |.|  ---       --....#-        |...........-----........| -- --..d..........|
--.|             --...--       --.........%..-  ------...-------............--
|<%###*)##)#########...#########.........--...|     |..........*...........--
|..|               -----       |.--...----|..--     ---...-------.h..--.----
----                           --------   ----        --.--     |..------
                                                       ---      ----
DaveT the Adept              St:25 Dx:13 Co:15 In:12 Wi:17 Ch:9  Lawful
Dlvl:7  $:331 HP:0(72) Pw:138(138) AC:2  Xp:9 T:5578  Burdened

Latest messages:
 The blast of frost hits the wolf!
 The blast of frost hits you!
 You hear the howling of the CwnAnnwn...
 Are you sure you want to pray? [yn] (n) y
 You begin praying to Issek.
 You are surrounded by a shimmering light.
 The wolf starts to attack you, but pulls back.
 The wolf starts to attack you, but pulls back.
 The wolf starts to attack you, but pulls back.
 The wolf starts to attack you, but pulls back.
 The wolf starts to attack you, but pulls back.
 The wolf starts to attack you, but pulls back.
 The wolf starts to attack you, but pulls back.
 The wolf starts to attack you, but pulls back.
 The wolf starts to attack you, but pulls back.
 You finish your prayer.
 You feel that Issek is well-pleased.
 You feel much better.
 The winter wolf breathes frost!
 The blast of frost hits the wolf.
 The blast of frost hits you!
 The blast of frost bounces!
 The blast of frost hits you!
 The blast of frost misses the wolf.
 The wolf bites!
 The wolf misses!
 The wolf bites!
 What do you want to zap? [mwyMW or ?*] ?
 In what direction? b
 The wand hits the wolf!
 The wand hits the winter wolf!
 The winter wolf breathes frost!
 The blast of frost hits the wolf!
 The blast of frost hits you!
 The blast of frost bounces!
 The blast of frost hits you!
 The wolf bites!
 The wolf bites!
 The wolf bites!
 The large cat bites!
 What do you want to zap? [mwyMW or ?*] y
 In what direction? b
 The wand hits the wolf!
 The wand hits the winter wolf!
 The wolf bites!
 The wolf bites!
 The wolf bites!
 You die...
 Do you want your possessions identified? [ynq] (y) y
 Do you want to see your attributes? [ynq] (y) q

Inventory:
 Coins    ('$')
  $ - 331 gold pieces
 Weapons  (')')
  O - a +0 crossbow bolt
  S - 36 +0 darts
  J - 4 +0 daggers
  E - a +1 orcish dagger
  R - a blessed +2 aklys
  C - a +0 aklys
  N - a +0 dwarvish mattock
  a - a blessed rusty +1 mace (weapon in right hand)
 Armor    ('[')
  o - a blessed +1 orcish helm (being worn)
  L - a rusty +0 pair of gauntlets of power (being worn)
  c - a +0 small shield (being worn)
  X - a +0 mummy wrapping
  H - a +0 Hawaiian shirt with a sea turtle motif (being worn)
  G - a blessed +2 studded leather armor (being worn)
 Comestibles  ('%')
  T - a banana
  e - a clove of garlic
  D - 2 food rations
  z - a pear
  f - a sprig of wolfsbane
  k - a lizard corpse
  l - a lizard corpse
  Z - a lizard corpse
 Scrolls  ('?')
  F - 2 scrolls of blank paper
  I - 2 cursed scrolls of blank paper
  A - a scroll of confuse monster
  U - a scroll of earth
  V - a scroll of enchant armor
  j - a scroll of identify
  t - 3 scrolls of light
  v - 2 scrolls of scare monster
 Spellbooks  ('+')
  h - a spellbook of cure blindness
  g - a spellbook of healing
 Potions  ('!')
  B - a potion of confusion
  r - a potion of healing
  Y - 2 potions of monster detection
  d - 3 potions of holy water
  P - 5 potions of water
  n - a potion of unholy water
 Rings    ('=')
  x - a ring of polymorph control
 Wands    ('/')
  w - a wand of cold (0:1)
  m - a wand of create monster (0:10)
  M - a wand of slow monster (0:4)
  y - a wand of striking (0:0)
  W - a cursed wand of striking (0:4)
 Tools    ('(')
  s - a bell
  i - a magic marker (0:21)
  u - a skeleton key
  Q - a partly used wax candle
 Gems/Stones  ('*')
  K - a black opal

DaveT the Priest's attributes:

Background:
 You were an Adept, a level 9 human Priest.
 You were lawful, on a mission for Issek
 who was opposed by Mog (neutral) and Kos (chaotic).
 You were right-handed.
 You were in the Gnomish Mines, on level 7.
 You entered the dungeon 5578 turns ago.
 You had 3131 experience points, 1989 more were needed to attain level 10.

Basics:
 You had 0 out of 72 hit points.
 You had all 138 energy points (spell power).
 Your armor class was 2.
 Your wallet contained 331 zorkmids.
 Autopickup was off.

Final Characteristics:
 Your strength was 25 (base:10, peak:11, innate limit:18/100).
 Your dexterity was 13 (limit:18).
 Your constitution was 15 (limit:18).
 Your intelligence was 12 (limit:18).
 Your wisdom was 17 (peak:18, limit:18).
 Your charisma was 9 (limit:18).

Final Status:
 You weren't hungry.
 You were burdened; movement was slightly slowed.
 You were wielding a mace.
 You had basic skill with mace and could have enhanced that.

Final Attributes:
 You were piously aligned.
 You were level-drain resistant.
 You were warded.
 You were a werewolf.
 You were harmed by silver.
 You are dead.

Miscellaneous:
 You didn't encounter any bones levels.
 Total elapsed playing time was 30 minutes and 35 seconds.

Major events:
 Turn
    1: DaveT the lawful human Priest entered the dungeon
 1136: attained the rank of Acolyte (level 3)
 1816: entered the Gnomish Mines
 2356: attained the rank of Adept (level 6)
 3617: reached Mine Town
 5578: killed by a wolf

Spells:
 Name                 Level Category     Fail Retention
 healing                1   healing       61%   51%-75%
 cure blindness         2   healing       70%   51%-75%

Skills:
 Fighting Skills
   bare handed combat [Unskilled]
 Weapon Skills
   club               [Unskilled]
   mace               [Basic]
   morning star       [Unskilled]
   flail              [Unskilled]
   hammer             [Unskilled]
   quarterstaff       [Unskilled]
   polearms           [Unskilled]
   spear              [Unskilled]
   trident            [Unskilled]
   lance              [Unskilled]
   bow                [Unskilled]
   sling              [Unskilled]
   crossbow           [Unskilled]
   dart               [Unskilled]
   shuriken           [Unskilled]
   boomerang          [Unskilled]
   unicorn horn       [Unskilled]
 Spellcasting Skills
   healing spells     [Unskilled]
   divination spells  [Unskilled]
   clerical spells    [Basic]

Voluntary challenges:
 Character rerolling was not enabled.
 You never genocided any monsters.
 You never polymorphed an object.
 You never changed form.
 You used no wishes.
Achievements:
 You attained the rank of Acolyte.
 You entered a shop.
 You entered the Gnomish Mines.
 You attained the rank of Adept.
 You entered Minetown.
 You entered a temple.

 The Dungeons of Doom: levels 1 to 5
    Level 1: "vault"
       A fountain.
    Level 2:
       A grave.
    Level 3: "vault door in NE"
       A vegetarian food shop.
    Level 4: "vault"
       An armor shop, a fountain, a grave.
       Stairs down to The Gnomish Mines.
    Level 5:
 The Gnomish Mines: levels 5 to 9
    Level 5:
    Level 6:
    Level 7: <- You were here.
       Final resting place for
          you, killed by a wolf.
    Level 8:
       Some shops, a temple and an altar, some fountains, a sink.
    Level 9:


Vanquished creatures:
  a water demon
  2 small mimics
 an elf mummy
  a python
 an ettin zombie
  4 Grey-elves
  a giant beetle
  a gnome ruler
 an orc mummy
 an owlbear
  a gold golem
  3 lizards
  a dingo
  a dust vortex
  a snake
  a bugbear
  a water nymph
  3 Uruk-hai
  a rock piercer
  a pony
  a yellow light
  a shrieker
  7 gnome leaders
  3 gnomish wizards
  a ghoul
  a paper golem
  4 giant ants
  a little dog
  2 dwarves
  2 homunculi
  a rabid rat
  a giant bat
  5 monkeys
  2 wererats
  4 iguanas
  2 acid blobs
  a hobbit
  6 manes
  2 large kobolds
  a hobgoblin
  4 giant rats
  2 cave spiders
 32 gnomes
  a gnome zombie
  4 geckos
  7 jackals
  2 foxes
  a kobold
  4 goblins
  9 sewer rats
  3 grid bugs
  2 bats
  2 lichens
  7 newts
156 creatures vanquished.

No species were genocided or became extinct.

Game over:
                       ----------
                      /          \
                     /    REST    \
                    /      IN      \
                   /     PEACE      \
                  /                  \
                  |      DaveT       |
                  |      331 Au      |
                  | killed by a wolf |
                  |                  |
                  |                  |
                  |                  |
                  |       2026       |
                 *|     *  *  *      | *
        _________)/\\_//(\/(/\)/\//\/|_)_______

Goodbye DaveT the Priest...

You died in The Gnomish Mines on dungeon level 7 with 8284 points,
and 331 pieces of gold, after 5578 moves.
You were level 9 with a maximum of 72 hit points when you died.

